[Event "23rd Hogeschool Zeeland Open 2019"]
[Site "Vlissingen"]
[Date "2019.08.10"]
[Round "9.16"]
[White "Hng, Mei-En Emmanuelle"]
[Black "Van Baar, Esper"]
[Result "1/2-1/2"]
[ECO "B22"]
[WhiteElo "2026"]
[BlackElo "2108"]
[Annotator "NA"]
[PlyCount "141"]
[EventDate "2019.08.03"]
[EventType "swiss"]
[EventCountry "NED"]
[SourceTitle "playchess.com"]
[Source "ChessBase"]
[SourceQuality "1"]
[TimeControl "40/5400+30:1800+30"]

1. e4 c5 2. d4 cxd4 3. c3 Nf6 4. e5 Nd5 5. Qxd4 e6 6. Nf3 Nc6 7. Qe4 d6 8. exd6 Nf6 9. Qc2 Bxd6 10. Bd3 h6 11. O-O O-O 12. Nbd2 Qc7 13. Nc4 Be7 14. a4 b6 15. b4 Bb7 16. Ne3 Rac8 17. Bb2 Ne5 18. Nxe5 Qxe5 19. Qe2 Qf4 20. f3 Nd5 21. Nxd5 Bxd5 22. g3 Qc7 23. Rfd1 Bf6 24. a5 Qc6 25. Kg2 Bxc3 26. Rac1 Bxf3+ 27. Qxf3 Qxf3+ 28. Kxf3 Bxb2 29. Rxc8 Rxc8 30. a6 Kf8 31. Bb5 Rc7 32. Rd8+ Ke7 33. Re8+ Kf6 34. Bd3 Ke5 35. Rb8 f5 36. Rb7 Kd6 37. Rb8 g6 38. Rg8 Rg7 39. Rd8+ Rd7 40. Rg8 Bg7 41. g4 Rc7 42. h4 Ke5 43. h5 g5 44. gxf5 exf5 45. Re8+ Kf6 46. Rd8 Ke7 47. Rg8 Kf7 48. Ra8 Ke6 49. Re8+ Kd5 50. Rd8+ Ke5 51. Re8+ Kd4 52. Rd8+ Kc3 53. b5 Bf6 54. Rd5 Bd4 55. Bxf5 Rc5 56. Ke4 Bg1 57. Rd1 Bh2 58. Bd7 g4 59. Rc1+ Kb4 60. Rxc5 Kxc5 61. Bc6 Bd6 62. Ke3 Kc4 63. Ke2 Kd4 64. Kf2 Ke5 65. Kg2 Kf5 66. Bd7+ Kg5 67. Be8 Kh4 68. Bf7 g3 69. Be8 Kg4 70. Bf7 Kf4 71. Be8 1/2-1/2